 Dungeon Crawl Stone Soup version 0.29.1-12-g30fa7ad0bf (webtiles) character file.

Game seed: 1418536106413583995

116 nightchill the Distorting Demonspawn (level 4, -4/37 HPs)
             Began as a Demonspawn Abyssal Knight on Jan 14, 2023.
             Was a Believer of Lugonu.
             Slain by Terence
             ... wielding a +0 mace
              (9 damage)
             ... on level 2 of the Dungeon.
             The game lasted 00:05:19 (2919 turns).

nightchill the Distorting Demonspawn (DsAK)         Turns: 2919, Time: 00:05:20

Health: -4/37      AC:  5    Str: 13 (16) XL:     4   Next: 69%
Magic:  6/6        EV: 11    Int: 14 (15) God:    Lugonu [**....]
Gold:   110        SH:  0    Dex: 10 (13) Spells: 3/3 levels left

rFire   + . .      SeeInvis .   h - +1 hand axe (elec)
rCold   . . .      Faith    .   (no shield)
rNeg    . . .      Spirit   .   p - +2 leather armour {rF+}
rPois   .          Reflect  .   (no helmet)
rElec   .          Harm     .   (no cloak)
rCorr   .          Rampage  .   (no gloves)
Will    .....                   (no boots)
Stlth   +.........              (no amulet)
HPRegen 0.12/turn               (no ring)
MPRegen 0.10/turn               (no ring)

@: no status effects
A: big brain 2, weakness stinger 1
a: Renounce Religion, Depart the Abyss, Bend Space


You were on level 2 of the Dungeon.
You worshipped Lugonu.
Lugonu was pleased with you.
You visited 1 branch of the dungeon, and saw 3 of its levels.
You visited the Abyss 1 time.

You collected 110 gold pieces.

Inventory:

Hand Weapons
 a - a +1 hand axe
 h - a +1 hand axe of electrocution (weapon)
Armour
 b - a +0 leather armour
 p - a +2 leather armour of fire resistance (worn)
Wands
 k - a wand of flame (20)
Scrolls
 d - 4 scrolls of teleportation {unknown}
 e - a scroll of amnesia {unknown}
 j - 2 scrolls of vulnerability {unknown}
 l - 2 scrolls of identify {unknown}
 n - a scroll of blinking {unknown}
Potions
 c - 2 potions of cancellation
 f - a potion of brilliance {unknown}
 g - a potion of curing
 i - 2 potions of degeneration
 m - a potion of flight {unknown}
 o - a potion of heal wounds {unknown}


   Skills:
 + Level 3.7 Fighting
 * Level 3.4 Axes
 - Level 1.7 Armour
 - Level 0.8 Dodging
 + Level 3.8 Invocations


You had 3 spell levels left.
You didn't know any spells.
Your spell library contained the following spells:

 Spells                   Type           Power      Damage    Failure   Level
 Chain Lightning          Conj/Air       0%         N/A       100%        9
 Fire Storm               Conj/Fire      0%         5d1       100%        9
 Shatter                  Erth           0%         3d5*      100%        9


Dungeon Overview and Level Annotations

Branches:
Dungeon (3/15)

Altars:

Annotations:
D:2 Terence


Innate Abilities, Weirdness & Mutations

You have an extremely huge brain. (Int +4)
You have a small tail.


Message History

You see here a +0 short sword.
There is a stone staircase leading down here.
You climb downwards.
Found a glowing sapphire potion.
There is a stone staircase leading up here.
Terence and a hobgoblin come into view.
The hobgoblin shouts!
Terence shouts, "Now you die!"
There is a stone staircase leading up here.
Okay, then.
Terence screams, "I want your blood!"
The hobgoblin hits you but does no damage.
Terence hits you with a +0 mace.
You climb upwards.
There is a stone staircase leading down here.
You hit the hobgoblin.
You kill the hobgoblin!
Lugonu accepts your kill.
You hit Terence but do no damage. Terence hits you but does no damage.
You hit Terence but do no damage.
You tail-slap Terence, but do no damage.
Terence hits you with a +0 mace.
You hit Terence. Lightning courses through Terence!
Terence is severely wounded.
Terence closely misses you.
You barely miss Terence.
Terence is severely wounded.
Terence hits you with a +0 mace!
You hit Terence.
Terence is almost dead.
Terence hits you with a +0 mace!
* * * LOW HITPOINT WARNING * * *
You barely miss Terence.
Terence is almost dead.
Terence hits you with a +0 mace!
* * * LOW HITPOINT WARNING * * *
You hit Terence but do no damage.
Terence is almost dead.
Terence hits you with a +0 mace!
You die...

####.....####+#......'###
#....................'###
#................###...##
#...###..........# #...##
#...###..........###...##
#....###+####.......#'###
##...##...##........+....
#...##.@...........#.##~
#...##.@..##.......#.#.≈
#...###....#.......#.#≈.
#..................#.#≈.
#...................≈≈~.
#....................#..
#....................#.≈
#.....(..............#≈~
#......^.............≈~.
#....................≈.#


You could see Terence.

Vanquished Creatures
  An orc priest (D:2)
  An orc wizard (D:2)
  A worm (D:2)
  2 dart slugs (D:1)
  5 orcs (D:2)
  3 endoplasms
  2 giant cockroaches (D:2)
  6 goblins
  3 hobgoblins
  7 jackals (D:1)
  3 kobolds
  A ball python (D:1)
  5 bats
  2 frilled lizards
  5 rats
47 creatures vanquished.

Notes
Turn   | Place    | Note
-------+----------+-------------------------------------------
     0 | Abyss:1  | nightchill the Demonspawn Abyssal Knight began the quest
                  | for the Orb.
     0 | Abyss:1  | Reached XP level 1. HP: 18/18 MP: 2/2
     1 | D:1      | Escaped the Abyss
     1 | D:1      | Found a faded altar of an unknown god.
   317 | D:1      | Gained mutation: You have an unusually large brain. (Int
                  | +2) [demonic ancestry]
   317 | D:1      | Reached XP level 2. HP: 18/24 MP: 4/4
  1170 | D:1      | Gained mutation: You have an extremely huge brain. (Int +4)
                  | [demonic ancestry]
  1170 | D:1      | Reached XP level 3. HP: 29/29 MP: 5/5
  2319 | D:2      | Gained mutation: You have a small tail. [demonic ancestry]
  2319 | D:2      | Reached XP level 4. HP: 30/35 MP: 6/6
  2340 | D:2      | HP: 1/37 [orc/+0 hand axe (6)]
  2348 | D:2      | HP: 1/37 [orc/+0 short sword (1)]
  2904 | D:3      | Noticed Terence
  2919 | D:2      | Slain by Terence

Illustrated notes

Levels and vault maps discovered:
D:1:      spicycebolla_arrival_ecumenical, layout_loops_ring
D:2:      cheibrodos_pilgrimage, layout_basic, minmay_misc_feat_plants,
          chequers_serial_rivers_small_b
D:3:      minmay_goblin_kobold_castle, layout_rooms,
          grunt_temple_overflow_forces_of_nature, uniq_terence, uniq_jessica

Skill      XL: |  1  2  3 |
---------------+----------+-----
Axes           | 2 3 |  3.4
Invocations    | 3 |  3.8
Fighting       | |  3.7
Armour         | |  1.7
Dodging        | |  0.8

Action                   |  1- 3 |  4- 6 || total
-------------------------+-------+-------++-------
Melee: Hand axe          |   127 |    35 ||   162
       Punch             |     3 |       ||     3
       Tailslap          |       |     5 ||     5
  Use: Potion            |     2 |     2 ||     4
 Stab: Sleeping          |     1 |       ||     1
Armor: Leather armour    |    36 |     5 ||    41
       Skin              |    13 |       ||    13
Dodge: Dodged            |    74 |    15 ||    89
